Unix NetHack Version 5.0.0-0 post-release - last build May 17 2026 04:57:42 (dc50c8380fa5e20985bfe3072449f57b8d9895ef,branch:main).

Game began 2026-05-19 01:19:57, ended 2026-05-19 01:46:13.

Doran, lawful male human Samurai

          ---      ---        ----              ---------- ---
     ------.--     |........0.....................a......|--.------------
     |..||...|     |.----------- ------------ ----------.--.........--..|
     |..|--..-------.|..............................)..#............%...|
     |..| |..........| -------------.-------0---------.|0--............--
  ----..| |.--------.|              .   ...     |.   | |. --.....---.---
  |.)...| |.|      |.|              .  ._..      ..    |.  --...-- ---
  |.---.| |.|   ----.|              .  ....       .    |.   |...|
  |.| |.---.|  --..%.|              .  ....       -|-  |.|---...|
  |.| |.....|  |.....|              .--...--      ...  |.|......----
 --.| ----.-|  --....|              {.......        .. |.|.........----
 |..|    |..--  |...0|              .......          . |............|.--
 |.--    |...|  --...| |            ......-          -.|...............|
 |.|     |...| ---...|.|             .....|          |.#................|
 |.|     |.-----.....#.|             ......          |.|....---.......---
 |.--    ---  |...<..|.|             .....           | |.---- --....---
 |..|         |..---.| -           -0....              |.|     ------
 |..|         ---- |.|              ...                |.|
 ----              |.----------------#------------------.|
                   |*.......................*...........0|
                   --------------------------------------
Doran the Ninja        St:17 Dx:17 Co:18 In:8 Wi:9 Ch:8  Lawful S:1886
Dlvl:7  $:0  HP:0(65) Pw:17(17) AC:4  Xp:6 T:2504 

Latest messages:
 The wood nymph strikes at thin air!
 The giant ant bites!
 You kill the giant ant!
 You hear a distant zap.
 Clonk!
 The wood nymph picks up an uncursed rustproof +0 splint mail.
 The wood nymph puts on an uncursed rustproof +0 splint mail.
 Akhoggrisu of Ulogbane throws an orcish dagger!
 The orcish dagger hits Haiugris of Ulogbane.
 Aiakha of Ulogbane picks up a crude dagger.
 The fire ant snaps wildly and misses!
 The fire ant bites!
 The fire ant bites again!
 You avoid harm.
 You hit the fire ant.
 The fire ant misses!
 The fire ant misses!
 The fire ant bites!
 The fire ant bites again!
 You avoid harm.
 You miss the fire ant.
 The fire ant bites!
 The fire ant misses!
 The fire ant bites!
 The fire ant misses!
 You miss the fire ant.
 The fire ant bites!
 The fire ant bites again!
 You avoid harm.
 The fire ant bites!
 The fire ant bites again!
 You avoid harm.
 You hit the fire ant.
 The fire ant misses!
 The fire ant misses!
 The fire ant bites!
 The fire ant bites again!
 You avoid harm.
 The fire ant bites!
 The fire ant bites again!
 You avoid harm.
 The fire ant bites!
 The fire ant misses!
 You kill the fire ant!
 The fire ant misses!
 The fire ant misses!
 The fire ant bites!
 You die...
 Do you want your possessions identified? [ynq] (y) y
 Do you want to see your attributes? [ynq] (y) q

Inventory:
 Amulets  ('"')
  x - an uncursed amulet of life saving
 Weapons  (')')
  U - 9 +0 arrows
  r - 3 +0 elven arrows
  d - 34 +0 ya (in quiver)
  c - a +0 yumi
  i - 8 +0 shuriken
  s - a cursed +0 elven dagger
  a - a +0 katana (weapon in left hand)
  b - a +0 wakizashi (alternate weapon; not wielded)
 Armor    ('[')
  n - an uncursed +0 orcish helm (being worn)
  h - an uncursed +0 pair of gauntlets of power
  I - an uncursed +0 pair of kicking boots
  e - an uncursed +0 elven mithril-coat (being worn)
 Comestibles  ('%')
  z - 2 uncursed gunyoki
  G - 2 uncursed lembas wafers
  g - 2 uncursed lichen corpses
 Scrolls  ('?')
  H - an uncursed scroll of amnesia
  y - 2 uncursed scrolls of enchant armor
  l - an uncursed scroll of magic mapping
 Spellbooks  ('+')
  D - an uncursed spellbook of detect monsters
  w - an uncursed spellbook of extra healing
  j - an uncursed spellbook of healing
 Potions  ('!')
  q - a cursed potion of blindness
  F - an uncursed potion of extra healing
  N - a blessed potion of healing
  E - 2 uncursed potions of healing
  V - an uncursed potion of levitation
  p - a blessed potion of oil
  C - an uncursed potion of see invisible
 Wands    ('/')
  o - a wand of magic missile (0:5)
 Tools    ('(')
  f - an uncursed blindfold
  S - an uncursed osaku
  X - an uncursed pair of lenses
  k - an uncursed skeleton key
  K - an uncursed tin whistle
 Gems/Stones  ('*')
  P - an uncursed agate stone
  T - 2 uncursed amethyst stones
  O - 2 uncursed worthless pieces of green glass
  M - an uncursed worthless piece of orange glass
  R - an uncursed worthless piece of red glass
  W - 2 uncursed worthless pieces of violet glass
  L - an uncursed worthless piece of white glass
  m - an uncursed worthless piece of yellow glass

Doran the Samurai's attributes:

Background:
 You were a Ninja, a level 6 male human Samurai.
 You were lawful, nominally on a mission for Amaterasu Omikami
 who was opposed by Raijin (neutral) and Susanowo (chaotic).
 You were left-handed.
 You were in the Gnomish Mines, on level 7.
 You entered the dungeon 2504 turns ago.
 It was nighttime.
 There was a new moon in effect when your adventure ended.
 You had 394 experience points, 246 more were needed to attain level 7.
 Your score was 1886 before end-of-game adjustments.

Basics:
 You had 0 out of 65 hit points.
 You had all 17 energy points (spell power).
 Your armor class was 4.
 Your wallet was empty.
 Autopickup was on for '$"?/=+!*' plus thrown, with exceptions.

Final Characteristics:
 Your strength was 17 (limit:18/100).
 Your dexterity was 17 (limit:18).
 Your constitution was 18 (limit:18).
 Your intelligence was 8 (limit:18).
 Your wisdom was 9 (limit:18).
 Your charisma was 8 (limit:18).

Final Status:
 You weren't hungry.
 You were unencumbered.
 You were wielding a long sword.
 You were skilled in long sword.

Final Attributes:
 You were piously aligned.
 You were telepathic.
 You were invisible.
 You were guarded.
 You were fast.
 You are dead.

Miscellaneous:
 You didn't encounter any bones levels.
 Total elapsed playing time was 26 minutes and 16 seconds.

Major events:
 Turn
    1: Doran the lawful male human Samurai entered the dungeon
  845: entered the Gnomish Mines
  867: attained the rank of Ronin (level 3)
 1975: reached Mine Town
 2351: attained the rank of Ninja (level 6)
 2504: killed by a fire ant

You didn't know any spells.

Skills:
 Fighting Skills
   martial arts      [Basic]
   two weapon combat [Unskilled]
   riding            [Unskilled]
 Weapon Skills
   dagger            [Unskilled]
   knife             [Unskilled]
   short sword       [Basic]
   broadsword        [Unskilled]
   long sword        [Skilled]
   two-handed sword  [Unskilled]
   saber             [Unskilled]
   flail             [Unskilled]
   quarterstaff      [Unskilled]
   polearms          [Unskilled]
   spear             [Unskilled]
   lance             [Unskilled]
   bow               [Basic]
   shuriken          [Unskilled]
 Spellcasting Skills
   attack spells     [Unskilled]
   divination spells [Unskilled]
   clerical spells   [Unskilled]

Voluntary challenges:
 Character rerolling was not enabled.
 You were an atheist.
 You never genocided any monsters.
 You never polymorphed an object.
 You never changed form.
 You used no wishes.
Achievements:
 You entered a shop.
 You entered the Gnomish Mines.
 You attained the rank of Ronin.
 You entered Minetown.
 You attained the rank of Ninja.

 The Dungeons of Doom: levels 1 to 5
    Level 1:
       Many fountains.
    Level 2:
       A general store.
    Level 3:
       A vegetarian food shop, a fountain.
    Level 4:
       Stairs down to The Gnomish Mines.
    Level 5:
 The Gnomish Mines: levels 5 to 7
    Level 5:
    Level 6:
    Level 7: <- You were here.
       An altar, a fountain.
       Final resting place for
          you, killed by a fire ant.


Vanquished creatures:
  a dingo
  a Woodland-elf
  a fire ant
 an orc shaman
  a rock piercer
  3 gnome leaders
  2 giant ants
  a floating eye
  a hill orc
 an iguana
  a hobbit
  2 large kobolds
  a brown mold
  a yellow mold
 18 gnomes
  a garter snake
  a gecko
  7 jackals
  a kobold
  3 goblins
  a sewer rat
  2 grid bugs
  3 lichens
  2 kobold zombies
  5 newts
62 creatures vanquished.

No species were genocided or became extinct.

Game over:
                       ----------
                      /          \
                     /    REST    \
                    /      IN      \
                   /     PEACE      \
                  /                  \
                  |      Doran       |
                  |       0 Au       |
                  | killed by a fire |
                  |       ant        |
                  |                  |
                  |                  |
                  |       2026       |
                 *|     *  *  *      | *
        _________)/\\_//(\/(/\)/\//\/|_)_______

Sayonara Doran the Samurai...

You died in The Gnomish Mines on dungeon level 7 with 1886 points,
and 0 pieces of gold, after 2504 moves.
You were level 6 with a maximum of 65 hit points when you died.

